[Event "Titled Tuesday Blitz March 29 Early 2022"]
[White "Terletsky, Oleg"]
[Black "Jary, Sergey"]
[WhiteFideId "14116774"]
[BlackFideId "14110350"]
[WhiteElo "2064"]
[BlackElo "2260"]
[Result "0-1"]
[Round "03"]
[TimeControl "180+1"]
[Date "2022.03.30"]
[WhiteClock "0:00:06"]
[BlackClock "0:00:52"]

1. e4 c5 2. Nf3 Nc6 3. d4 cxd4 4. Nxd4 g6 5. c4 Nf6 6. Nc3 d6 7. Be2 Nxd4 8. Qxd4 Bg7 9. Be3 O-O 10. Qd2 Be6 11. Rc1 Qa5 12. f3 Rfc8 13. b3 a6 14. Na4 Qxd2+ 15. Kxd2 Nd7 16. Nb6 Nxb6 17. Bxb6 Rc6 18. Be3 Bb2 19. Rc2 Ba3 20. Bd3 Rac8 21. g4 Bc5 22. Rhc1 Ba3 23. Rb1 b5 24. cxb5 Rxc2+ 25. Bxc2 axb5 26. Bd3 Bd7 27. b4 Be6 28. Bxb5 Bxa2 29. Ra1 Bxb4+ 30. Kd3 Be6 31. Rc1 Ra8 32. Bc4 Ra3+ 33. Ke2 Bc3 34. Bxe6 fxe6 35. Rc2 Kf7 36. h4 Bf6 37. h5 gxh5 38. gxh5 Ra5 39. h6 Bg5 40. Bxg5 Rxg5 41. Rc8 Rg8 42. Rc7 Rg6 43. Ke3 Rxh6 44. Rc8 Rh1 45. Rh8 h5 46. Rh7+ Ke8 47. e5 Re1+ 0-1


[Site "https://www.chess.com"]

[Event "Titled Tuesday Blitz March 29 Early 2022"]
[White "Tomb, Maroun"]
[Black "Costachi, Mihnea"]
[WhiteFideId "5300398"]
[BlackFideId "1217518"]
[WhiteElo "2519"]
[BlackElo "2464"]
[Result "0-1"]
[Round "03"]
[TimeControl "180+1"]
[Date "2022.03.30"]
[WhiteClock "0:00:18"]
[BlackClock "0:01:27"]

1. e4 c5 2. Ne2 Nc6 3. Nbc3 e6 4. g3 d5 5. exd5 exd5 6. d4 Nf6 7. Bg2 cxd4 8. Nxd4 Bc5 9. Nb3 Bb4 10. O-O Bxc3 11. bxc3 O-O 12. Bg5 h6 13. Bxf6 Qxf6 14. Qxd5 Qxc3 15. Qc5 Qf6 16. Rad1 Bg4 17. Rd6 Qb2 18. Bxc6 bxc6 19. Qd4 Qxd4 20. Nxd4 c5 21. Nc6 Rfe8 22. f3 Bh3 23. Rfd1 Re2 24. R6d2 Rae8 25. Nxa7 Rxd2 26. Rxd2 Ra8 27. Nc6 Rxa2 28. Ne5 f6 29. Nd7 Bxd7 30. Rxd7 Rxc2 31. h4 h5 32. Kf1 c4 33. Ke1 c3 34. Rc7 Kh7 35. Kd1 Rd2+ 36. Ke1 Rc2 37. Kd1 Rg2 38. Rxc3 Rxg3 39. Ke2 Kg6 40. Kf2 Rh3 41. Rc4 Rh2+ 42. Kg3 Ra2 43. Rc5 Ra1 44. Rb5 Ra7 45. Rc5 Re7 46. Ra5 Re5 47. Ra7 Kh6 48. Ra8 Rb5 49. Rc8 g5 50. hxg5+ Kxg5 51. Rg8+ Kf5 52. Rh8 Kg6 53. Rg8+ Kf7 54. Rh8 Kg7 55. Rc8 Rb4 56. Rd8 Kg6 57. Rg8+ Kf5 58. Rh8 h4+ 59. Kh3 Kg5 60. Rg8+ Kf5 61. Rh8 Ke5 62. Rg8 f5 63. Re8+ Kf4 64. Kxh4 Kxf3+ 65. Kh3 f4 66. Re7 Kf2 67. Kh2 f3 68. Rh7 Rg4 69. Rh8 Kf1 70. Kh3 Rg7 71. Rf8 f2 72. Re8 Kg1 73. Re1+ fxe1=R 0-1


[Site "https://www.chess.com"]

[Event "Titled Tuesday Blitz March 29 Early 2022"]
[White "Toncheva, Nadya"]
[Black "Salinas Herrera, Pablo"]
[WhiteFideId "2924056"]
[BlackFideId "3407128"]
[WhiteElo "1884"]
[BlackElo "2541"]
[Result "0-1"]
[Round "03"]
[TimeControl "180+1"]
[Date "2022.03.29"]
[WhiteClock "0:00:02"]
[BlackClock "0:00:21"]

1. e4 c5 2. Nf3 e6 3. d4 cxd4 4. Nxd4 a6 5. c4 Qc7 6. Nc3 b6 7. Be2 Bb7 8. O-O Nf6 9. f3 Bd6 10. g3 Be5 11. Be3 Nc6 12. Nc2 O-O 13. Qd2 Rfd8 14. Rfd1 h5 15. Bd3 h4 16. f4 Bxc3 17. Qxc3 Ng4 18. Be2 Nxe3 19. Nxe3 hxg3 20. hxg3 d6 21. Rac1 Rac8 22. b3 Ne7 23. Bf3 Qc5 24. Kg2 b5 25. Qd2 b4 26. Rh1 f5 27. Qd3 e5 28. exf5 Bxf3+ 29. Kxf3 exf4 30. gxf4 Rf8 31. Rcg1 Nxf5 32. Qd5+ Qxd5+ 33. Nxd5 a5 34. Rg5 Rce8 35. Rhh5 Nd4+ 36. Kg3 Re1 37. Rh2 Re4 38. Rg2 Rf7 39. Kh3 Kf8 40. f5 Nxf5 41. Rh5 Kg8 42. Rhg5 Rh4# 0-1


[Site "https://www.chess.com"]

[Event "Titled Tuesday Blitz March 29 Early 2022"]
[White "Tristan, Leonardo"]
[Black "Chernyavsky, Alexander"]
[WhiteFideId "113816"]
[BlackFideId "24131156"]
[WhiteElo "2404"]
[BlackElo "2292"]
[Result "1-0"]
[Round "03"]
[TimeControl "180+1"]
[Date "2022.03.29"]
[WhiteClock "0:00:06"]
[BlackClock "0:00:01"]

1. d4 Nf6 2. Nf3 g6 3. Bf4 Bg7 4. e3 d5 5. Be2 O-O 6. O-O c5 7. c3 Nc6 8. h3 Bf5 9. Nbd2 c4 10. b3 b5 11. bxc4 dxc4 12. a4 Nd5 13. axb5 Nxc3 14. Qe1 Nxe2+ 15. Qxe2 Bd3 16. Qd1 Nb4 17. Re1 Nc2 18. Ne5 Nxe1 19. Qxe1 Bxe5 20. Bxe5 f6 21. Bg3 Qd5 22. Nb1 Bxb1 23. Qxb1 c3 24. Qb4 c2 25. Rc1 Rac8 26. Qxe7 Qb3 27. Bf4 g5 28. Bd6 Rf7 29. Qe4 Qb1 30. Ba3 Qb3 31. Qf5 Rd8 32. Bc5 Rd5 33. Qe4 Rfd7 34. Rxc2 Kg7 35. Rc1 Qxb5 36. Rb1 Qc4 37. Qf3 Qd3 38. Rb8 Rf5 39. Qg3 Rxc5 40. dxc5 Qc4 41. Rb1 Qxc5 42. h4 h6 43. h5 Qf5 44. Rc1 a5 45. f3 Qe6 46. e4 a4 47. Qf2 1-0


[Site "https://www.chess.com"]

[Event "Titled Tuesday Blitz March 29 Early 2022"]
[White "Tymrakiewicz, Rafal"]
[Black "Osmonbekov, Talaibek"]
[WhiteFideId "1108832"]
[BlackFideId "2017253"]
[WhiteElo "2205"]
[BlackElo "2135"]
[Result "1-0"]
[Round "03"]
[TimeControl "180+1"]
[Date "2022.03.30"]
[WhiteClock "0:00:23"]
[BlackClock "0:00:39"]

1. d4 e6 2. e4 d5 3. e5 c5 4. c3 Nc6 5. Nf3 Bd7 6. Bd3 Rc8 7. dxc5 Bxc5 8. O-O Nge7 9. Nbd2 Ng6 10. Nb3 Bb6 11. Qe2 Bc7 12. Bg5 Nce7 13. Rae1 O-O 14. Nbd4 Qe8 15. h4 a6 16. h5 Nh8 17. h6 g6 18. Bf6 Nf5 19. Nxf5 exf5 20. Nd4 Be6 21. f4 Qd7 22. g4 fxg4 23. f5 gxf5 24. Nxf5 Rfe8 25. Nd6 Bxd6 26. exd6 Ng6 27. Bxg6 fxg6 28. Be7 Rxe7 29. dxe7 Bf7 30. Qe5 1-0


[Site "https://www.chess.com"]

[Event "Titled Tuesday Blitz March 29 Early 2022"]
[White "Vakhlamov, Igor L."]
[Black "Aaditya Dhingra"]
[WhiteFideId "24126748"]
[BlackFideId "25678191"]
[WhiteElo "2401"]
[BlackElo "1849"]
[Result "0-1"]
[Round "03"]
[TimeControl "180+1"]
[Date "2022.03.29"]
[WhiteClock "0:00:22"]
[BlackClock "0:00:07"]

1. e4 e5 2. Nf3 Nc6 3. Nc3 Nf6 4. Bb5 Bb4 5. Nd5 Ba5 6. O-O a6 7. Ba4 O-O 8. d4 Nxd5 9. exd5 Nxd4 10. Nxd4 exd4 11. Qxd4 d6 12. c3 Bf5 13. Re1 b5 14. Bb3 Re8 15. Bf4 Qh4 16. Qd2 Bb6 17. Bg3 Qf6 18. a4 h5 19. h4 Qg6 20. Kh2 Bd3 21. Rad1 Be4 22. Re2 f6 23. Rde1 Bf5 24. Qf4 Rxe2 25. Rxe2 Qg4 26. f3 Qxf4 27. Bxf4 Kf7 28. g3 Rg8 29. axb5 axb5 30. Bc2 Bxc2 31. Rxc2 Re8 32. g4 hxg4 33. fxg4 Re1 34. Kg2 Rd1 35. Rd2 Re1 36. h5 Be3 37. Bxe3 Rxe3 38. Kf2 Rh3 39. Re2 Rd3 40. Re4 Rxd5 41. Kf3 Rd3+ 42. Kf4 c5 43. Re2 Rd1 44. Ke4 d5+ 45. Kf4 Rf1+ 46. Ke3 Ke6 47. Rh2 Kd6 48. h6 gxh6 49. Rxh6 Ke5 50. Rh5+ Ke6 51. Rh6 Ke5 52. Rh5+ f5 53. gxf5 Rxf5 54. Rh8 Rg5 55. Rb8 b4 56. cxb4 cxb4 57. Rxb4 d4+ 58. Kf3 Rf5+ 59. Ke2 Ke4 60. Ra4 Rh5 61. Rb4 Rh2+ 62. Kd1 Ke3 63. Rb8 Rh1+ 64. Kc2 d3+ 65. Kc3 Rc1+ 66. Kb3 d2 67. Re8+ Kf4 68. Rf8+ Ke5 69. Re8+ Kf6 70. Rd8 d1=Q+ 71. Rxd1 Rxd1 72. Kc4 Ke6 73. b4 Kd7 74. Kb5 Kc7 75. Ka6 Kb8 76. Kb6 Rd6+ 77. Kc5 Kc7 78. Kb5 Re6 79. Kc5 Kb7 80. Kb5 Re5+ 81. Kc4 Kb6 82. Kd4 Rh5 83. Kc4 Kc6 84. Kb3 Kb5 85. Ka3 Rh3+ 86. Ka2 Kxb4 87. Kb2 Rh2+ 88. Kc1 Kc3 89. Kd1 Kd3 90. Ke1 Ke3 91. Kf1 Kf3 92. Ke1 Rb2 93. Kd1 Ke3 94. Kc1 Rb4 95. Kc2 Kd4 96. Kd2 Rb2+ 97. Kc1 Kc3 98. Kd1 Kd3 99. Kc1 Rb3 100. Kd1 Rb1# 0-1


[Site "https://www.chess.com"]

[Event "Titled Tuesday Blitz March 29 Early 2022"]
[White "Vasquez Schroeder, Rodrigo"]
[Black "Yang, Kaiqi"]
[WhiteFideId "3400042"]
[BlackFideId "8604398"]
[WhiteElo "2561"]
[BlackElo "2373"]
[Result "1/2-1/2"]
[Round "03"]
[TimeControl "180+1"]
[Date "2022.03.29"]
[WhiteClock "0:01:27"]
[BlackClock "0:00:18"]

1. e4 e6 2. d4 d5 3. Nc3 Nf6 4. e5 Nfd7 5. Nce2 c5 6. c3 Nc6 7. f4 cxd4 8. cxd4 Bb4+ 9. Bd2 Qb6 10. Bxb4 Qxb4+ 11. Qd2 f6 12. Nf3 fxe5 13. fxe5 O-O 14. Qxb4 Nxb4 15. Kd2 Nb6 16. b3 Bd7 17. Nc3 Be8 18. a3 Nc6 19. Bd3 Bh5 20. Ke3 Bxf3 21. gxf3 Nc8 22. Rac1 N8e7 23. Nb5 Nf5+ 24. Bxf5 Rxf5 25. Nd6 Rh5 26. Nxb7 Ne7 27. Nd6 Nf5+ 28. Nxf5 Rxf5 29. h4 a5 30. Rc3 Raf8 31. Rh3 Rb8 32. Rg3 h6 33. Rg4 g5 34. hxg5 hxg5 35. f4 Kf7 36. Rxg5 Rxg5 37. fxg5 Kg6 38. Kf4 Rf8+ 39. Kg4 Rf1 40. Rc6 Rg1+ 41. Kf3 Kf5 42. Rc8 Rb1 43. Rc3 Kxg5 44. Ke3 Kf5 45. Rd3 Ra1 46. a4 Rb1 47. Rc3 Rb2 48. Kd3 Kf4 49. Rc6 Rxb3+ 50. Kc2 Rb4 51. Kc3 Rxa4 52. Rxe6 Ke4 53. Ra6 Rc4+ 54. Kb3 Kxd4 55. e6 Rc7 56. Rxa5 Re7 57. Ra6 Ke5 58. Kc3 Rxe6 59. Rxe6+ Kxe6 60. Kd4 Kd6 61. Kd3 Ke5 62. Ke3 d4+ 63. Kd3 Kd5 64. Kd2 Ke5 65. Kd3 Kd5 66. Kd2 Kc5 67. Kd3 Kd5 1/2-1/2


[Site "https://www.chess.com"]

[Event "Titled Tuesday Blitz March 29 Early 2022"]
[White "Vestby-Ellingsen, Mads"]
[Black "Araujo Filho, Luiz Antonio Coel"]
[WhiteFideId "1520857"]
[BlackFideId "2130661"]
[WhiteElo "2232"]
[BlackElo "2285"]
[Result "1-0"]
[Round "03"]
[TimeControl "180+1"]
[Date "2022.03.30"]
[WhiteClock "0:00:50"]
[BlackClock "0:00:45"]

1. e4 c6 2. d4 d5 3. Nc3 dxe4 4. f3 Nf6 5. fxe4 e6 6. Nf3 Be7 7. Bf4 O-O 8. Be2 b6 9. Qd2 Bb7 10. O-O-O Qc8 11. g4 c5 12. d5 exd5 13. exd5 Rd8 14. d6 Bf8 15. g5 Ne4 16. Nxe4 Bxe4 17. Qe3 Bg6 18. Ne5 Nd7 19. Nxg6 hxg6 20. Bc4 b5 21. Bd5 Rb8 22. Qd3 Nb6 23. h4 Nxd5 24. Qxd5 Rb7 25. h5 gxh5 26. g6 Qd7 27. Rxh5 Bxd6 28. Bxd6 Qxd6 29. Qxd6 1-0


[Site "https://www.chess.com"]

[Event "Titled Tuesday Blitz March 29 Early 2022"]
[White "Vidruska, Renate"]
[Black "Ljukin, Sergei"]
[WhiteFideId "11601841"]
[BlackFideId "14102200"]
[WhiteElo "1800"]
[BlackElo "2312"]
[Result "0-1"]
[Round "03"]
[TimeControl "180+1"]
[Date "2022.03.30"]
[WhiteClock "0:01:07"]
[BlackClock "0:01:49"]

1. e4 e6 2. d4 d5 3. Nc3 Bb4 4. e5 Ne7 5. a3 Bxc3+ 6. bxc3 c5 7. Bd3 Bd7 8. Qg4 c4 9. Be2 Rg8 10. h4 Qa5 11. Bd2 Nbc6 12. h5 h6 13. a4 O-O-O 14. Nf3 f6 15. Qf4 Rdf8 16. exf6 gxf6 17. g3 e5 18. dxe5 fxe5 19. Qxh6 Nf5 20. Qh7 Rg7 21. Qxg7 Nxg7 22. h6 Ne6 23. h7 Rh8 24. Ng5 Nxg5 25. Bxg5 Qxc3+ 26. Kf1 Qxa1+ 27. Kg2 Qxh1+ 28. Kxh1 Rxh7+ 29. Kg2 Bf5 0-1


[Site "https://www.chess.com"]

[Event "Titled Tuesday Blitz March 29 Early 2022"]
[White "Vlassov, Nikolai"]
[Black "Girsh, Daniel"]
[WhiteFideId "4103360"]
[BlackFideId "30949190"]
[WhiteElo "2407"]
[BlackElo "2235"]
[Result "1/2-1/2"]
[Round "03"]
[TimeControl "180+1"]
[Date "2022.03.30"]
[WhiteClock "0:00:13"]
[BlackClock "0:00:15"]

1. e4 c5 2. c3 d5 3. exd5 Qxd5 4. d4 Nf6 5. Nf3 cxd4 6. cxd4 Nc6 7. Nc3 Qd6 8. d5 Nb4 9. Bb5+ Bd7 10. O-O Nbxd5 11. Bxd7+ Qxd7 12. Ne5 Nxc3 13. Qb3 Ne2+ 14. Kh1 Qd5 15. Qe3 Qe4 16. Re1 Nxc1 17. Qxe4 Nxe4 18. Rxe4 f6 19. Nc4 Nd3 20. Rd4 Nxf2+ 21. Kg1 e5 22. Rd5 Ne4 23. Rad1 Bc5+ 24. Kf1 O-O 25. Re1 f5 26. Nxe5 Rae8 27. Nd7 Nd2+ 28. Rxd2 Rxe1+ 29. Kxe1 Bb4 30. Nxf8 Kxf8 31. Ke2 Bxd2 32. Kxd2 Ke7 33. Ke3 Ke6 34. Kf4 Kf6 35. h4 g6 36. a4 h6 37. a5 g5+ 38. Kg3 a6 39. h5 Ke5 40. Kf3 Kd4 41. g3 Kc4 42. Ke3 Kb3 43. Kd4 f4 44. gxf4 gxf4 45. Ke4 Kxb2 46. Kxf4 Kb3 47. Kf5 Kb4 48. Kg6 Kxa5 49. Kxh6 b5 50. Kg5 b4 51. h6 b3 52. h7 b2 53. h8=Q b1=Q 54. Qd8+ Qb6 55. Qd2+ Qb4 56. Qa2+ Qa4 57. Qd2+ Qb4 58. Qa2+ Kb6 59. Qe6+ Kb5 60. Qd7+ Kc4 61. Qe6+ Kc3 62. Qxa6 Qc4 63. Qa1+ Kb4 64. Qb2+ Kc5 65. Qe5+ Qd5 66. Kf5 Qxe5+ 67. Kxe5 1/2-1/2


[Site "https://www.chess.com"]

[Event "Titled Tuesday Blitz March 29 Early 2022"]
[White "Vokhidov, Shamsiddin"]
[Black "Tsvetkov, Andrey"]
[WhiteFideId "14204223"]
[BlackFideId "34139360"]
[WhiteElo "2611"]
[BlackElo "2280"]
[Result "0-1"]
[Round "03"]
[TimeControl "180+1"]
[Date "2022.03.29"]
[WhiteClock "0:01:11"]
[BlackClock "0:00:05"]

1. e4 c5 2. Nf3 d6 3. Bb5+ Nd7 4. d4 cxd4 5. Qxd4 a6 6. Be2 Ngf6 7. O-O g6 8. Nc3 Bg7 9. Rd1 Qc7 10. Nd5 Qb8 11. Bg5 h6 12. Bh4 g5 13. Bg3 Nh5 14. Qc4 Nxg3 15. hxg3 Ra7 16. a4 e6 17. Nc3 O-O 18. Qb4 g4 19. Nh2 h5 20. Rxd6 Re8 21. Rd2 Ne5 22. Rad1 b6 23. Rd8 Rxd8 24. Rxd8+ Kh7 25. a5 Rb7 26. Bxa6 Nc6 27. Rxc8 Nxb4 28. Rxb8 Rxb8 29. Bc4 bxa5 30. Na4 Nxc2 31. b3 Nd4 32. Nc5 Bf8 33. Nd7 Rd8 34. Ne5 f6 35. Nd3 Nxb3 36. Nf4 Rd1+ 37. Nf1 Nd2 38. Be2 Ra1 39. f3 Bc5+ 40. Kh2 Nxf1+ 41. Bxf1 Rxf1 42. Nxe6 Be3 43. fxg4 hxg4 0-1


[Site "https://www.chess.com"]

[Event "Titled Tuesday Blitz March 29 Early 2022"]
[White "Vovk, Orest"]
[Black "Tregubov, Pavel V."]
[WhiteFideId "14113490"]
[BlackFideId "4115341"]
[WhiteElo "2203"]
[BlackElo "2341"]
[Result "0-1"]
[Round "03"]
[TimeControl "180+1"]
[Date "2022.03.30"]
[WhiteClock "0:01:38"]
[BlackClock "0:02:19"]

1. h4 h5 2. Nf3 Nf6 3. Ng5 d5 4. e4 dxe4 5. Qe2 Nc6 6. Nxe4 Nd4 7. Nxf6+ gxf6 8. Qd1 Bg4 9. f3 Bf5 10. d3 Qd6 11. Be3 Bh6 12. Bf2 Qe5+ 13. Be2 Nxe2 14. Qxe2 Qxb2 0-1


[Site "https://www.chess.com"]

[Event "Titled Tuesday Blitz March 29 Early 2022"]
[White "Vysochin, Spartak"]
[Black "Shohat, Yotam"]
[WhiteFideId "14103516"]
[BlackFideId "2813955"]
[WhiteElo "2385"]
[BlackElo "2119"]
[Result "1-0"]
[Round "03"]
[TimeControl "180+1"]
[Date "2022.03.30"]
[WhiteClock "0:00:43"]
[BlackClock "0:00:02"]

1. e4 c5 2. c3 e6 3. d4 d5 4. e5 Nc6 5. Nf3 Bd7 6. Bd3 Rc8 7. a3 cxd4 8. cxd4 Qb6 9. Bc2 g5 10. Nc3 g4 11. Na4 Qa5+ 12. Bd2 Qa6 13. Ng5 Nxd4 14. Nc3 h6 15. Nh7 Nxc2+ 16. Qxc2 d4 17. Nxf8 Kxf8 18. O-O-O Ba4 19. b3 dxc3 20. Bxc3 Qc6 21. bxa4 Kg7 22. Kb2 Ne7 23. Rd4 h5 24. Qd2 Ng6 25. Rc1 Qb6+ 26. Rb4 Qc5 27. Qg5 Qc6 28. Qf6+ Kg8 29. Bd2 Qd7 30. Rxc8+ Qxc8 31. Rd4 Nf8 32. Rd8 Qc6 33. Rxf8+ Kxf8 34. Qxh8+ Ke7 35. Bg5+ Kd7 36. Qd8# 1-0


[Site "https://www.chess.com"]

[Event "Titled Tuesday Blitz March 29 Early 2022"]
[White "Weetik, Vjacheslav"]
[Black "Kouskoutis, Georgios-Alexandros"]
[WhiteFideId "4153472"]
[BlackFideId "4234049"]
[WhiteElo "2469"]
[BlackElo "2130"]
[Result "1-0"]
[Round "03"]
[TimeControl "180+1"]
[Date "2022.03.30"]
[WhiteClock "0:00:13"]
[BlackClock "0:00:03"]

1. d4 Nf6 2. c4 e6 3. Nf3 c5 4. d5 exd5 5. cxd5 d6 6. Nc3 g6 7. Nd2 Bg7 8. e4 O-O 9. Be2 Ne8 10. a4 Nd7 11. O-O Rb8 12. Nc4 Ne5 13. Ne3 f5 14. f4 Nf7 15. exf5 gxf5 16. Bd3 Nh6 17. Qf3 a6 18. Kh1 Kh8 19. Bd2 Bd7 20. a5 Nc7 21. Rae1 Nb5 22. Nc4 Nd4 23. Qh3 Bb5 24. Nxb5 axb5 25. Nb6 b4 26. Nc4 Qf6 27. Qh5 Qg6 28. Qxg6 hxg6 29. Nxd6 Rfd8 30. Nc4 Rxd5 31. Ne5 Kh7 32. Bc4 Rd6 33. Be3 Ra8 34. Nf7 Nxf7 35. Bxf7 Rxa5 36. h3 Ra2 37. Bxa2 Nc2 38. Re2 1-0


[Site "https://www.chess.com"]

[Event "Titled Tuesday Blitz March 29 Early 2022"]
[White "Wu, Sibo"]
[Black "Mikhailovsky, Vladimir"]
[WhiteFideId "8606048"]
[BlackFideId "34105414"]
[WhiteElo "2332"]
[BlackElo "2371"]
[Result "0-1"]
[Round "03"]
[TimeControl "180+1"]
[Date "2022.03.30"]
[WhiteClock "0:00:01"]
[BlackClock "0:00:27"]

1. d4 d5 2. Bf4 c5 3. e3 Nc6 4. Nf3 cxd4 5. exd4 Bf5 6. c4 e6 7. Nc3 Bb4 8. Qb3 Nf6 9. a3 Qa5 10. Rc1 Bxc3+ 11. bxc3 O-O 12. Qxb7 Rac8 13. c5 Qxa3 14. Bb5 Nb4 15. cxb4 Rb8 16. Qa6 Qxb4+ 17. Kf1 Rxb5 18. h3 Bd3+ 19. Kg1 Bc4 20. Qxa7 Ne4 21. Ne5 Qb2 22. Kh2 Qxf2 23. Qe7 Qxf4+ 0-1


[Site "https://www.chess.com"]

[Event "Titled Tuesday Blitz March 29 Early 2022"]
[White "Xiong, Jeffery"]
[Black "Papasimakopoulos, Alexandros"]
[WhiteFideId "2047640"]
[BlackFideId "4244125"]
[WhiteElo "2727"]
[BlackElo "2340"]
[Result "1-0"]
[Round "03"]
[TimeControl "180+1"]
[Date "2022.03.29"]
[WhiteClock "0:00:09"]
[BlackClock "0:00:08"]

1. d4 e6 2. e4 d5 3. e5 b6 4. c3 Qd7 5. h4 h5 6. Nh3 Ne7 7. Nf4 Ba6 8. Bxa6 Nxa6 9. Nxh5 c5 10. Bg5 Nf5 11. g4 Ne7 12. Nd2 cxd4 13. cxd4 Nb4 14. O-O O-O-O 15. Nf3 Kb7 16. Qd2 Nbc6 17. Rfc1 Rc8 18. b4 Ng6 19. a3 Be7 20. Nxg7 Bxg5 21. hxg5 Nh4 22. Rc3 Ne7 23. Nh5 Nxf3+ 24. Rxf3 Ng6 25. Rf6 Rc7 26. Rc1 Rhc8 27. Rxc7+ Rxc7 28. Kh2 Qa4 29. Rf3 Nh4 30. Rc3 Rxc3 31. Qxc3 Qd1 32. Kg3 Ng6 33. Qf3 Qg1+ 34. Kh3 Qf1+ 35. Kh2 Nh4 36. Qg3 Ng6 37. Nf4 Qc1 38. Nxg6 fxg6 39. Qe3 Qd1 40. Qf4 Ka6 41. Qf7 Qxg4 42. a4 Qh4+ 43. Kg2 Qxg5+ 44. Kf3 Qh5+ 45. Ke3 Qg5+ 46. Kd3 Qc1 47. b5+ Ka5 48. Qxa7+ Kb4 49. Qxb6 Qd1+ 50. Ke3 Qe1+ 51. Kf3 Qh1+ 52. Kf4 Qh4+ 53. Ke3 Qe4+ 54. Kd2 Qf4+ 55. Ke1 Qc1+ 56. Ke2 Qc2+ 57. Kf3 Qe4+ 58. Kg3 g5 59. Qc5+ Kxa4 60. Qc3 Kxb5 61. f3 Qf4+ 62. Kg2 g4 63. Qb3+ Kc6 64. Qa4+ Kb6 65. Qb4+ Kc7 66. Qd6+ Kb7 67. Qd7+ Kb8 68. Qd8+ Kb7 69. Qe7+ Kb8 70. Qe8+ Kc7 71. Qe7+ Kb8 72. Qd6+ Kb7 73. Qd7+ Kb8 74. Qb5+ Kc7 75. Qc5+ Kd7 76. Qd6+ Kc8 77. Qxe6+ Kc7 78. Qxg4 Qd2+ 79. Kh3 Qe3 80. Qg7+ Kb6 81. Qf6+ Kb5 82. e6 Kc4 83. e7 Qe2 84. Kg4 Qg2+ 85. Kh5 Qh3+ 86. Kg6 Qg3+ 87. Kf7 Qc7 88. Kf8 Qg3 89. e8=Q Kd3 90. Qeg6+ Qxg6 91. Qxg6+ Kxd4 92. f4 Ke3 93. f5 d4 94. f6 d3 95. f7 d2 96. Qg4 d1=Q 97. Qxd1 Ke4 98. Ke7 Ke5 99. f8=Q Ke4 100. Qff3+ Ke5 101. Qdd5# 1-0


[Site "https://www.chess.com"]

[Event "Titled Tuesday Blitz March 29 Early 2022"]
[White "Yaniuk, Volodymyr"]
[Black "Steinberg, Nitzan"]
[WhiteFideId "14133083"]
[BlackFideId "2801795"]
[WhiteElo "2207"]
[BlackElo "2440"]
[Result "0-1"]
[Round "03"]
[TimeControl "180+1"]
[Date "2022.03.29"]
[WhiteClock "0:00:12"]
[BlackClock "0:00:58"]

1. d4 d5 2. c4 e6 3. Nf3 Nf6 4. g3 Bb4+ 5. Bd2 Be7 6. Bg2 O-O 7. Qc2 b6 8. O-O Bb7 9. Ne5 c5 10. dxc5 bxc5 11. Nc3 Nc6 12. Nxc6 Bxc6 13. Rfd1 Qb6 14. cxd5 exd5 15. Bg5 d4 16. Bxf6 Bxf6 17. Ne4 Be7 18. Rac1 Rac8 19. b3 Qb7 20. h4 f5 21. Qc4+ Kh8 22. Ng5 Bxg2 23. Nf7+ Rxf7 24. Qxf7 Rf8 25. Qh5 Bd5 26. Rc2 f4 27. Qg4 Bd6 28. Rcd2 Qe7 29. b4 fxg3 30. fxg3 Qe3+ 31. Kh2 Qf2+ 32. Kh3 Qg2# 0-1


[Site "https://www.chess.com"]

[Event "Titled Tuesday Blitz March 29 Early 2022"]
[White "Zakhartsov, Vladimir"]
[Black "Kaminski, Victor"]
[WhiteFideId "4145097"]
[BlackFideId "1131630"]
[WhiteElo "2433"]
[BlackElo "2181"]
[Result "1-0"]
[Round "03"]
[TimeControl "180+1"]
[Date "2022.03.29"]
[WhiteClock "0:02:04"]
[BlackClock "0:00:22"]

1. d4 d5 2. c4 e6 3. Nf3 Nf6 4. g3 dxc4 5. Qa4+ c6 6. Qxc4 b5 7. Qc2 Bb7 8. Bg2 Nbd7 9. O-O Rc8 10. Ne5 Qc7 11. Bf4 Nxe5 12. Bxe5 Bd6 13. Bxf6 gxf6 14. Nd2 f5 15. Nb3 O-O 16. Nc5 Rfd8 17. Rac1 Bf8 18. e3 Ba8 19. a4 Bg7 20. Qb3 Rb8 21. Na6 Qd6 22. Nxb8 Rxb8 23. axb5 Rxb5 24. Qa4 Qd7 25. Ra1 a5 26. b4 Rxb4 27. Qxa5 1-0


[Site "https://www.chess.com"]

[Event "Titled Tuesday Blitz March 29 Early 2022"]
[White "Zemlyanskii, Ivan"]
[Black "Hernandez Jimenez, Alexander Andres"]
[WhiteFideId "24249971"]
[BlackFideId "3900452"]
[WhiteElo "1759"]
[BlackElo "2082"]
[Result "0-1"]
[Round "03"]
[TimeControl "180+1"]
[Date "2022.03.30"]
[WhiteClock "0:00:12"]
[BlackClock "0:00:06"]

1. d4 Nf6 2. c4 e6 3. Nc3 Bb4 4. e3 c5 5. Ne2 cxd4 6. exd4 b6 7. a3 Be7 8. d5 d6 9. g3 e5 10. Bg2 O-O 11. O-O a5 12. f4 Nbd7 13. b3 Ba6 14. f5 b5 15. cxb5 Qb6+ 16. Kh1 Bxb5 17. Nxb5 Qxb5 18. Nc3 Qb7 19. Be3 Rfc8 20. Rc1 Rab8 21. Bd2 Qxb3 22. Qe2 Qc4 23. Qf2 Nc5 24. Qf3 e4 25. Qe3 Nd3 26. Rcd1 Rb2 27. Nxe4 Nxe4 28. Bxe4 Ne5 29. Rc1 Qa6 30. Rxc8+ Qxc8 31. h3 h6 32. Bc3 Rb3 33. f6 Rxc3 34. Qb6 Bxf6 35. Bg2 Rc1 36. Rxc1 Qxc1+ 37. Kh2 Qd2 38. Qb3 g6 39. h4 Ng4+ 40. Kh3 Nf2+ 41. Kh2 h5 42. Qb8+ Kg7 43. Qxd6 Qe3 44. Qf4 Ng4+ 45. Kh3 Qxf4 46. gxf4 Bb2 47. a4 Kf6 48. d6 Ke6 49. Bc6 Kxd6 50. Be8 Ke7 51. Bb5 Bc1 52. Kg3 f5 53. Bc4 Kf6 54. Bb5 Ne3 55. Kf3 Nd5 56. Bc6 Nxf4 57. Be8 Ne6 58. Bd7 Nc5 59. Bc6 g5 60. hxg5+ Kxg5 61. Be8 h4 62. Bc6 f4 63. Kg2 Be3 64. Kh3 Nd3 65. Bf3 Ne5 66. Be4 f3 67. Ba8 f2 68. Kg2 Kf4 69. Bb7 Nd3 70. Kf1 Kg3 71. Ke2 h3 72. Bh1 Bc5 73. Be4 Nb2 74. Kf1 Nxa4 75. Ke2 Nc3+ 76. Kf1 Nxe4 77. Ke2 Kg2 78. Kd3 f1=Q+ 79. Kxe4 Qe2+ 80. Kf5 Bf2 81. Kg6 Qe5 0-1


[Site "https://www.chess.com"]

[Event "Titled Tuesday Blitz March 29 Early 2022"]
[White "Zhao, Jun"]
[Black "Meissner, Felix"]
[WhiteFideId "8602522"]
[BlackFideId "24671827"]
[WhiteElo "2547"]
[BlackElo "2350"]
[Result "1-0"]
[Round "03"]
[TimeControl "180+1"]
[Date "2022.03.29"]
[WhiteClock "0:00:09"]
[BlackClock "0:00:10"]

1. d4 g6 2. Bf4 Bg7 3. e3 d6 4. Nf3 b6 5. Be2 Bb7 6. O-O Nd7 7. h3 Ngf6 8. Bh2 O-O 9. a4 a5 10. c3 Ne4 11. Nbd2 Nxd2 12. Nxd2 e5 13. Qb3 Qe7 14. Bf3 e4 15. Be2 Kh8 16. Qc2 f5 17. b4 g5 18. bxa5 f4 19. a6 Bd5 20. c4 f3 21. cxd5 fxe2 22. Rfe1 Nf6 23. Rac1 Rf7 24. Qc4 g4 25. h4 Nh5 26. Bg3 Bh6 27. Qxe2 Qd7 28. Nxe4 Qxa4 29. Ra1 Qd7 30. a7 Re7 31. Ng5 Bxg5 32. hxg5 Nxg3 33. fxg3 Qf5 34. e4 Qxg5 35. e5 h5 36. Qc2 Kg7 37. Qc6 h4 38. Qxa8 hxg3 39. Qd8 Qh4 40. Qxe7+ Qxe7 41. a8=Q Qh4 42. exd6 Qh2+ 43. Kf1 Qh1+ 44. Ke2 Qxg2+ 45. Kd3 Qf3+ 46. Kc4 g2 47. Re7+ Kg6 48. Qg8+ 1-0


[Site "https://www.chess.com"]